[Event "AI Cup Div-3 2023"]
[Site "Online"]
[Date "2023.09.27"]
[Round "5.1"]
[White "Alekseev, Evgeny"]
[Black "Mamedov, Rauf"]
[Result "1/2-1/2"]
[Annotator "ChessBase"]
[ECO "B53"]
[WhiteElo "2573"]
[BlackElo "2640"]
[PlyCount "83"]
[EventDate "2023.09.18"]
[EventType "k.o."]
[EventCountry "NET"]
[SourceTitle "playchess.com"]
[Source "ChessBase"]
[SourceQuality "1"]
[TimeControl "900+3"]

1. e4 c5 2. Nf3 Nc6 3. Bb5 d6 4. d4 cxd4 5. Qxd4 Bd7 6. Qd3 Nf6 7. c4 g6 8. Nc3 Bg7 9. h3 O-O 10. O-O a6 11. Bxc6 Bxc6 12. Nd4 Nd7 13. Be3 Rc8 14. Rac1 Qa5 15. b3 Rfe8 16. Qd2 Nc5 17. Rfd1 Bd7 18. f3 Ne6 19. Nd5 Qxd2 20. Rxd2 Nxd4 21. Bxd4 Be6 22. Bxg7 Kxg7 23. Nf4 Rc6 24. Re1 Rc5 25. e5 dxe5 26. Nxe6+ fxe6 27. Kf2 Kf6 28. Re4 b5 29. Ke3 Rec8 30. Rc2 a5 31. Ke2 g5 32. Ke3 h6 33. Ke2 R5c7 34. Ke3 a4 35. Ke2 axb3 36. axb3 Kf5 37. Ke3 Kf6 38. Ke2 Rc6 39. Ke3 R8c7 40. Ke2 Rc8 41. Ke3 R6c7 42. Ke2 1/2-1/2

[Event "AI Cup Div-3 2023"]
[Site "Online"]
[Date "2023.09.27"]
[Round "5.2"]
[White "Mamedov, Rauf"]
[Black "Alekseev, Evgeny"]
[Result "1-0"]
[Annotator "ChessBase"]
[ECO "C54"]
[WhiteElo "2640"]
[BlackElo "2573"]
[PlyCount "51"]
[EventDate "2023.09.18"]
[EventType "k.o."]
[EventCountry "NET"]
[SourceTitle "playchess.com"]
[Source "ChessBase"]
[SourceQuality "1"]
[TimeControl "900+3"]

1. e4 e5 2. Nf3 Nc6 3. Bc4 Bc5 4. c3 Nf6 5. d3 d6 6. Nbd2 O-O 7. O-O Bb6 8. Bb3 Ne7 9. Re1 c6 10. Nf1 Ng6 11. Ng3 h6 12. h3 d5 13. exd5 Nxd5 14. d4 exd4 15. Nxd4 Bc7 16. Qh5 Ndf4 17. Bxf4 Nxf4 18. Qf3 Qg5 19. Rad1 h5 20. Nde2 Nxe2+ 21. Rxe2 Bxg3 22. Bxf7+ Rxf7 23. Re8+ Kh7 24. Qxf7 Bxh3 25. fxg3 Rxe8 26. Qxe8 1-0

[Event "AI Cup Div-3 2023"]
[Site "Online"]
[Date "2023.09.29"]
[Round "6.1"]
[White "Mamedov, Rauf"]
[Black "Sevian, Samuel"]
[Result "1/2-1/2"]
[Annotator "TA"]
[ECO "C54"]
[WhiteElo "2640"]
[BlackElo "2698"]
[PlyCount "139"]
[EventDate "2023.09.18"]
[EventType "k.o."]
[EventCountry "NET"]
[SourceTitle "playchess.com"]
[Source "ChessBase"]
[SourceQuality "1"]
[TimeControl "900+3"]

1. e4 e5 2. Nf3 Nc6 3. Bc4 Bc5 4. c3 Nf6 5. d3 d6 6. Nbd2 a6 7. Bb3 O-O 8. h3 Re8 {[%emt 0:00:19] C54: Giuoco Piano: 4 c3 Nf6, main lines with 5 d4 and 5 d3.} 9. Nf1 Be6 10. Ng3 h6 {[%emt 0:00:24] Repels Bg5} 11. Bxe6 Rxe6 12. O-O {[%emt 0:00:12] d4 is the strong threat.} d5 {[%emt 0:00:02] [#]} 13. a4 $146 ({Predecessor:} 13. Qc2 Qd7 14. Re1 Rd8 15. Be3 Bxe3 16. Rxe3 Ne7 17. exd5 Qxd5 18. Rae1 Ng6 19. c4 {½-½ Becker,M (1950)-Dill,X (2136) Oberliga Baden 1920 2019 (3.4)}) 13... dxe4 14. Nxe4 Ba7 15. Re1 Nd5 16. Qb3 Rb8 17. Bd2 Qd7 18. Rad1 Kh8 19. Qc4 b5 20. axb5 axb5 21. Qa2 b4 22. Qa4 bxc3 23. bxc3 Rd8 24. Qc4 Na5 25. Qa2 Nc6 26. Qc4 f5 (26... Na5 $5 27. Qa2 $8 Nc6 $11) 27. Nc5 (27. Ng3 $5 ) 27... Bxc5 28. Qxc5 Rde8 29. Bc1 Qd6 30. Qxd6 cxd6 31. Bd2 e4 32. dxe4 fxe4 33. Nh2 Na5 34. Ng4 Nc4 {[%emt 0:00:13] [#]} 35. Bxh6 $1 {[%emt 0:01:20][%mdl 64] Discovered Attack} Nxc3 36. Rd4 Na3 {[%emt 0:00:28] Excellent horsemanship.} 37. Bd2 Nab5 38. Rc4 Nd5 39. Rec1 Kh7 40. Rd1 (40. Ra1 $14) 40... Ne7 (40... Ra8 $5) 41. Rb4 Nc7 42. Rb7 Ncd5 43. Bg5 Kg6 44. Bxe7 R8xe7 45. Rb3 Nf6 46. Ne3 Rd7 47. Rb5 Kf7 48. g4 Ng8 49. Rf5+ (49. Nc4 $5 Rd8 50. Ne5+ Kf8 51. Nc6 $16) 49... Ke8 50. Ra1 Ne7 51. Ra8+ Rd8 52. Rxd8+ Kxd8 $11 {[%emt 0:00:01][%mdl 4096] Endgame KRN-KRN} 53. Rf8+ Kd7 54. Rf7 Ke8 55. Rxg7 {[%emt 0:00:04] next Rg5 is good for White.} d5 56. Nc2 Nc6 {[%emt 0:00:02] Against Nd4} 57. Rg5 d4 58. Rd5 d3 59. Ne3 {[%emt 0:00:01] Black must now prevent Kg2.} Ne7 (59... Re5 $1 $11 {keeps the balance.}) 60. Rd4 $16 Nc6 {[%emt 0:00:01] [#]} 61. Rd5 (61. Ra4 $1 $16) 61... Ne7 $11 62. Ra5 {[%emt 0:00:02] Black should prevent Ra4.} Ng6 $1 63. f3 exf3 {[%emt 0:00:04] The position is equal.} 64. Kf2 Nf4 65. Kxf3 Nxh3 66. Rd5 Ng1+ 67. Kf2 Nh3+ 68. Kf3 Ng1+ 69. Kf2 Nh3+ 70. Kf3 {[%emt 0:00:00] Weighted Error Value: White=0.08 (flawless) /Black=0.11 (very precise)} 1/2-1/2

[Event "AI Cup Div-3 2023"]
[Site "Online"]
[Date "2023.09.29"]
[Round "6.2"]
[White "Sevian, Samuel"]
[Black "Mamedov, Rauf"]
[Result "1/2-1/2"]
[Annotator "TA"]
[ECO "D14"]
[WhiteElo "2698"]
[BlackElo "2640"]
[PlyCount "171"]
[EventDate "2023.09.18"]
[EventType "k.o."]
[EventCountry "NET"]
[SourceTitle "playchess.com"]
[Source "ChessBase"]
[SourceQuality "1"]
[TimeControl "900+3"]

1. Nf3 c5 2. c3 Nf6 3. d4 cxd4 4. cxd4 d5 5. Nc3 Nc6 6. Bf4 Bf5 7. e3 e6 8. Qb3 Bb4 9. Bb5 O-O 10. Bxc6 $1 {[%emt 0:00:15][%mdl 4] is currently scoring better than 10.0-0.} Bxc3+ 11. Qxc3 Rc8 {[%emt 0:00:53][%mdl 64] [#] Pin. D14: Slav Defence: Exchange variation with ...Bf5.} 12. Ne5 $1 Ng4 13. Nxg4 Bxg4 {[%emt 0:00:03] [#]} 14. Qb4 $1 Rxc6 {[%emt 0:00:04] Black is weak on the dark squares} 15. Qxb7 Qc8 ({Don't play} 15... Rb6 16. Qxa7 Rxb2 17. O-O $16) 16. Qxc8 Rfxc8 17. O-O Be2 18. Rfe1 Rc2 19. b3 R8c6 20. Bb8 {[%emt 0:00:03] [#]} Ra6 $146 ({Predecessor:} 20... h5 21. h4 Rb6 22. Bxa7 {½-½ Stremavicius,T (2476)-Nyzhnyk,I (2616) Pan American Intercollegiate-chT 2016 (3.1)}) 21. a4 h5 22. h4 Rb6 23. Bxa7 Rxb3 24. a5 Rbb2 25. Reb1 Rxb1+ 26. Rxb1 $14 {[%emt 0:00:02][%mdl 4096] Endgame KRB-KRB} Ra2 27. Rb8+ Kh7 28. Bb6 Bc4 29. Rb7 Kg6 30. Ra7 Bd3 31. Bc5 Bc4 32. Bd6 Bd3 33. Be5 Bc4 34. Bg3 Bd3 35. Kh2 (35. Bc7 $16) 35... Bc4 (35... Bb5 $11) 36. Ra8 $1 Bd3 37. Bd6 Bc4 38. Kg3 Bd3 39. Be5 Bf1 40. Rg8 f6 41. Bc7 Bd3 42. Bb6 Bc4 43. Rh8 Bf1 44. Ra8 Kf5 45. Rf8 Kg6 {[%emt 0:00:03] Dodges Rf7} 46. Bc7 Rc2 47. Bb6 Ra2 $1 48. Bd8 (48. Rc8 $16) 48... Rc2 (48... Rb2 $1 $14) 49. Be7 $16 Ra2 50. Bb4 Rb2 51. Bc5 Ra2 52. Ra8 Kf5 53. Be7 Bd3 54. Rh8 Kg6 55. Bd8 Bf1 {[%emt 0:00:02] [#]} (55... Bb5 $16) 56. Re8 $1 $18 Kf5 57. Re7 g5 $2 (57... Kg6 {is a better defense.} 58. Rxe6 Bc4) 58. Rf7 gxh4+ 59. Kxh4 Bxg2 60. Rxf6+ ({Not} 60. Bxf6 Kg6 61. Rf8 (61. Rg7+ Kxf6 62. Rxg2 Rxa5 $16) 61... Rxf2 $16) 60... Ke4 61. Rxe6+ Kd3 62. Kxh5 $2 (62. f4 $18 {and White stays clearly on top.}) 62... Rxf2 $16 63. a6 (63. Kg5 $16) 63... Ra2 $14 64. Rc6 Bf1 65. Bg5 Ke4 66. Re6+ Kf3 67. Rf6+ Kg2 68. Bh4 Rxa6 69. Rf2+ Kg1 70. Rd2 Re6 71. Bg3 Re4 72. Bf4 Bg2 73. Kg4 Re8 74. Be5 Rg8+ 75. Kf5 Be4+ 76. Ke6 Rg6+ 77. Bf6 Rg3 78. Bh4 Rf3 79. Bg5 Kf1 80. Bf4 {[%emt 0:00:02] Hoping for Rh2.} Rf2 81. Rd1+ Kg2 82. Ke5 Rf1 {[%emt 0:00:02] The position is equal.} 83. Rd2+ Rf2 84. Rd1 Rf1 85. Rd2+ Rf2 86. Rd1 {[%emt 0:00:00] Black defended with fortune.   Weighted Error Value: White=0.08 (flawless) /Black=0.17 (very precise)} 1/2-1/2

[Event "AI Cup Div-3 2023"]
[Site "Online"]
[Date "2023.09.29"]
[Round "6.3"]
[White "Mamedov, Rauf"]
[Black "Sevian, Samuel"]
[Result "1/2-1/2"]
[Annotator "ChessBase"]
[ECO "C77"]
[WhiteElo "2640"]
[BlackElo "2698"]
[PlyCount "38"]
[EventDate "2023.09.18"]
[EventType "k.o."]
[EventCountry "NET"]
[SourceTitle "playchess.com"]
[Source "ChessBase"]
[SourceQuality "1"]
[TimeControl "900+3"]

1. e4 e5 2. Nf3 Nc6 3. Bb5 a6 4. Ba4 Nf6 5. Nc3 Bc5 6. d3 d6 7. h3 h6 8. a3 b5 9. Bb3 Nd4 10. Nxd4 Bxd4 11. Ne2 Bb6 12. Ng3 Be6 13. Qf3 Bxb3 14. cxb3 g6 15. O-O Nd7 16. Be3 Nc5 17. Qd1 Ne6 18. Bxb6 cxb6 19. Ne2 d5 1/2-1/2

[Event "AI Cup Div-3 2023"]
[Site "Online"]
[Date "2023.09.29"]
[Round "6.4"]
[White "Sevian, Samuel"]
[Black "Mamedov, Rauf"]
[Result "1-0"]
[Annotator "ChessBase"]
[ECO "B07"]
[WhiteElo "2698"]
[BlackElo "2640"]
[PlyCount "83"]
[EventDate "2023.09.18"]
[EventType "k.o."]
[EventCountry "NET"]
[SourceTitle "playchess.com"]
[Source "ChessBase"]
[SourceQuality "1"]
[TimeControl "900+3"]

1. d4 Nf6 2. Nf3 g6 3. Nbd2 d6 4. e4 Bg7 5. Bb5+ c6 6. Bc4 O-O 7. O-O d5 8. exd5 cxd5 9. Bb3 Nc6 10. c3 Bf5 11. Re1 Rc8 12. Nf1 Bg4 13. Ng3 e6 14. h3 Bxf3 15. Qxf3 b5 16. h4 Nd7 17. h5 Qh4 18. Bf4 Rfe8 19. Qe3 Qd8 20. Rad1 Nb6 21. Bh6 Bh8 22. Qf4 Nc4 23. Re2 Nd6 24. Rde1 Nc4 25. Bc2 Qc7 26. Qg4 Bg7 27. Bxg7 Kxg7 28. hxg6 hxg6 29. Nh5+ Kf8 30. Nf6 Kg7 31. Nxe8+ Rxe8 32. Bxg6 fxg6 33. Rxe6 Rxe6 34. Rxe6 Ne7 35. Qg5 Kf7 36. Qf6+ Ke8 37. Qxg6+ Kd7 38. Qf7 Qd8 39. Ra6 Qc7 40. Rh6 Nd6 41. Qe6+ Kc6 42. Rh7 1-0

[Event "AI Cup Div-3 2023"]
[Site "Online"]
[Date "2023.09.29"]
[Round "7.1"]
[White "Mamedov, Rauf"]
[Black "Sevian, Samuel"]
[Result "1/2-1/2"]
[Annotator "ChessBase"]
[ECO "A29"]
[WhiteElo "2640"]
[BlackElo "2698"]
[PlyCount "159"]
[EventDate "2023.09.18"]
[EventType "k.o."]
[EventCountry "NET"]
[SourceTitle "playchess.com"]
[Source "ChessBase"]
[SourceQuality "1"]
[TimeControl "900+3"]

1. c4 e5 2. g3 Nf6 3. Bg2 d5 4. cxd5 Nxd5 5. Nf3 Nc6 6. d3 Be7 7. O-O O-O 8. Nc3 Nb6 9. a3 Be6 10. Be3 Nd5 11. Nxd5 Bxd5 12. Rc1 Qd7 13. Qa4 Rad8 14. Rfe1 a6 15. Nd2 Bxg2 16. Kxg2 Nd4 17. Qxd7 Rxd7 18. f4 Nf5 19. Bf2 exf4 20. gxf4 Bf6 21. Ne4 Bxb2 22. Rb1 Bxa3 23. Rxb7 Nd6 24. Rb3 Nxe4 25. Rxa3 Nxf2 26. Kxf2 Ra8 27. Rc1 f5 28. Rc6 Rd6 29. Rxc7 Rh6 30. Kg2 Re8 31. Ra2 Rg6+ 32. Kf3 Rh6 33. Rc5 Rh3+ 34. Kg2 Rhe3 35. Kf1 g6 36. Rc7 Rh3 37. Rxa6 Rxh2 38. Raa7 Rhxe2 39. Rg7+ Kh8 40. Rxh7+ Kg8 41. Rag7+ Kf8 42. Rf7+ Kg8 43. Rhg7+ Kh8 44. Rxg6 Re1+ 45. Kg2 R8e2+ 46. Kg3 Re3+ 47. Kh4 Rxd3 48. Ra6 Rg1 49. Ra8+ Rg8 50. Rxg8+ Kxg8 51. Rxf5 Kg7 52. Kg4 Kg6 53. Ra5 Rd6 54. Rg5+ Kf7 55. Rh5 Rb6 56. Rf5+ Kg6 57. Rd5 Kf7 58. Kg5 Ra6 59. Rd7+ Kf8 60. Rh7 Rb6 61. Rd7 Ra6 62. Kf5 Rb6 63. Ke5 Ra6 64. f5 Rb6 65. Rc7 Ra6 66. Kf4 Ra4+ 67. Kg5 Ra6 68. Rc4 Kf7 69. Rh4 Rb6 70. Rh7+ Kf8 71. Rh6 Rxh6 72. Kxh6 Kf7 73. Kg5 Kg7 74. f6+ Kf7 75. Kf5 Kf8 76. Ke5 Kf7 77. Kf5 Kf8 78. Ke6 Ke8 79. f7+ Kf8 80. Kf6 1/2-1/2

[Event "AI Cup Div-3 2023"]
[Site "Online"]
[Date "2023.09.29"]
[Round "7.2"]
[White "Sevian, Samuel"]
[Black "Mamedov, Rauf"]
[Result "1-0"]
[Annotator "TA"]
[ECO "B07"]
[WhiteElo "2698"]
[BlackElo "2640"]
[PlyCount "105"]
[EventDate "2023.09.18"]
[EventType "k.o."]
[EventCountry "NET"]
[SourceTitle "playchess.com"]
[Source "ChessBase"]
[SourceQuality "1"]
[TimeControl "900+3"]

1. d4 Nf6 2. Nf3 g6 3. Nbd2 Bg7 4. e4 O-O 5. Bd3 d6 6. O-O Nc6 7. c3 e5 8. dxe5 Nxe5 9. Nxe5 dxe5 10. Nc4 Qe7 11. a4 {[%emt 0:00:04] B07: Pirc Defence: Miscellaneous Systems.} Rd8 12. Qc2 Nh5 13. Re1 {[%emt 0:00:02] The position is equal.} Be6 {[%emt 0:00:39] [#]} 14. Bf1 $146 ({Predecessor:} 14. g3 Bg4 15. Be3 Rd7 16. Bf1 Qe6 17. Nd2 Rad8 18. f3 Rxd2 19. Bxd2 Bxf3 20. Bg2 {1-0 De Santis,A (2320)-Basener,W (2205) Budapest FS10 IM 1996 (8)}) 14... Nf4 15. Be3 h5 16. Na5 c6 17. Rad1 h4 18. h3 Qc7 {[%emt 0:00:17] [#] Hoping for ...Rxd1.} 19. b4 c5 {[%emt 0:00:26] aiming for ...cxb4.} 20. Nc4 ({White should play} 20. Rxd8+ $1 $11 Rxd8 21. Nc4) 20... cxb4 $15 21. cxb4 b6 (21... Rac8 $1 $15) 22. Rc1 $11 Rac8 23. Qb1 Qe7 24. Kh1 g5 25. f3 Nh5 {[%emt 0:00:07] [#] Strongly threatening ...Ng3+.} 26. Kh2 Ng3 {[%emt 0:00:05] Threatens to win with ...Nxf1+.} (26... Bf8 $5 ) 27. Bd3 Bf8 28. Nb2 (28. Nxe5 $2 {perishes.} Qd6 29. Bxg5 Qxe5 $19) 28... f6 (28... Qxb4 {seems wilder.} 29. Bxg5 Rxc1 30. Qxc1 Rc8) 29. Rxc8 Rxc8 30. Bd2 Qd7 31. Rc1 Rd8 32. Qc2 Bf7 33. Be1 Qd4 34. Bc3 Qd7 35. Bb5 Qc7 36. Qb1 (36. Be1 $5 Qxc2 37. Rxc2 $14) 36... Qe7 37. Bc4 (37. Rc2 $11 {remains equal.}) 37... Bxc4 $17 38. Nxc4 Qe6 (38... Ne2 $17 39. Ne3 Nxc1 40. Qxc1 Qc7) 39. Ne3 $14 Nh5 (39... Ne2 $11) 40. Rc2 $16 Nf4 41. Bd2 Qd7 42. Ng4 Bg7 {[%emt 0:00:05] This costs Black the game.} (42... Kg7 $1 $14) 43. Bxf4 $18 gxf4 44. b5 Qd3 $2 (44... Kh7 45. Qa2 Kg6) 45. Qa2+ Kh8 46. Rc6 {[%emt 0:00:08] And now Qf7 would win.} Qd1 47. Qf2 {[%emt 0:00:24] Repels Qe1} ({Not} 47. Nxf6 Qe1 48. Nd5 (48. Nh5 $2 {leads to mate.} Qg3+ {[%mdl 64] Back Rank} 49. Nxg3 hxg3+ 50. Kh1 Rd1#) 48... Qg3+ 49. Kh1 Qe1+ 50. Kh2 Qg3+ 51. Kh1 Qe1+ 52. Kh2 $11) 47... Kg8 48. Nxf6+ Kf7 49. Nd5 Rxd5 50. exd5 e4 51. Rc7+ {[%emt 0:00:05] White mates.} Kg8 52. Qxh4 Qxd5 53. Qg4 {[%emt 0:00:06] Weighted Error Value: White=0.21 (precise) /Black=0.43} 1-0

[Event "AI Cup Div-3 2023"]
[Site "Online"]
[Date "2023.09.25"]
[Round "51.1"]
[White "Radjabov, Teimour"]
[Black "Yilmaz, Mustafa"]
[Result "1-0"]
[Annotator "TA"]
[ECO "A13"]
[WhiteElo "2745"]
[BlackElo "2640"]
[PlyCount "147"]
[EventDate "2023.09.18"]
[EventType "k.o."]
[EventCountry "NET"]
[SourceTitle "playchess.com"]
[Source "ChessBase"]
[SourceQuality "1"]
[TimeControl "900+3"]

1. Nf3 d5 2. c4 e6 3. e3 Nf6 4. b3 b6 5. cxd5 exd5 6. Bb2 {[%emt 0:00:01] A13: English Opening: 1...e6.} Be7 7. Nc3 O-O 8. d4 {[%emt 0:00:18] The position is equal.} Bb7 9. Bd3 Nbd7 10. Qc2 Re8 11. O-O Bf8 12. Rac1 Ne4 (12... c6 $11 {remains equal.}) 13. Rfd1 {[%emt 0:00:11] [#]} ({Better is} 13. Ne5 $16) 13... a6 $146 ({Predecessor:} 13... h6 14. Ne2 Rc8 15. Ng3 Nxg3 16. hxg3 Qe7 17. Bf5 g6 18. Bh3 c5 19. Bxd7 Qxd7 20. dxc5 bxc5 {½-½ Gorodetzky,D (2409)-Thybo,J (2464) EU-chT U18 Rymanow Zdroj 2017 (2.6)}) 14. Bf1 (14. Nxe4 $2 dxe4 15. Qxc7 Bd5 16. Qxd8 Raxd8 $19) 14... Bd6 15. Nxe4 dxe4 {[%emt 0:00:19] [#]} 16. Ne5 Qe7 (16... Bd5 17. Nc4) 17. Bc4 Rf8 18. Qc3 Rae8 19. h3 b5 {[%emt 0:01:12] Strongly threatening ...Bb4.} (19... Nf6 $5 ) 20. Bf1 {[%emt 0:00:07] [#]} Bd5 ({Black should try} 20... Nb8 $1 $17) 21. a4 $11 Nxe5 22. dxe5 Bxe5 23. Qxe5 Qxe5 (23... Bxb3 $2 24. Qxg7#) 24. Bxe5 Rxe5 25. axb5 Bxb3 26. Rd4 {[%emt 0:00:05] And now Rb4 would win.} axb5 {[%emt 0:00:03] Hoping for ...c5.} 27. Rxc7 h5 28. Rb7 {[%emt 0:00:03] Prevents Rb8} Bc4 {[%emt 0:00:18][%mdl 64] Deflection} 29. Bxc4 bxc4 30. Rxc4 {[%emt 0:00:00][%mdl 4096] Endgame KRR-KRR} Rd8 31. g4 hxg4 32. hxg4 Rde8 33. Rbb4 Kh7 34. Kg2 R8e7 35. Kg3 g5 36. Rb8 Rd5 37. Rcc8 Kg7 38. Rh8 {[%emt 0:00:30] White wants to mate with Rbg8+.} Re6 39. Rbe8 Rde5 40. Reg8+ Kf6 41. Rh7 Re8 42. Rh6+ Ke7 43. Rg7 Kf8 44. Rgh7 R8e6 45. Rh5 Kg8 46. Kg2 Ra5 47. Rh8+ Kg7 48. R5h7+ Kf6 49. Rb8 Kg6 50. Rhh8 Kg7 51. Rh5 Rh6 52. Rxh6 Kxh6 {[%emt 0:00:00] KR-KR} 53. Rb4 Re5 $1 54. Kf1 Kg6 55. Ke2 f6 56. Kd2 f5 57. Rb6+ Kg7 58. gxf5 Rxf5 59. Ke2 Re5 60. Kf1 Kf7 61. Kg2 Re6 62. Rb5 Kf6 63. Kg3 Re5 64. Rb8 Ra5 65. Kg4 Ra2 66. Rf8+ Kg7 67. Rf5 Kg6 68. Rxg5+ Kf6 69. Rf5+ Ke6 70. Kg5 Rb2 71. Rf8 Ke5 72. Kg4 Ra2 73. Re8+ {[%emt 0:00:04][%mdl 64] Deflection} Kf6 $2 (73... Kd5 $11) 74. Rxe4 {[%emt 0:00:03] Weighted Error Value: White=0.06 (flawless) /Black=0.08 (flawless)} 1-0

[Event "AI Cup Div-3 2023"]
[Site "Online"]
[Date "2023.09.25"]
[Round "51.1"]
[White "Matlakov, Maxim"]
[Black "Le, Tuan Minh"]
[Result "1-0"]
[Annotator "ChessBase"]
[ECO "D78"]
[WhiteElo "2674"]
[BlackElo "2559"]
[PlyCount "64"]
[EventDate "2023.09.18"]
[EventType "k.o."]
[EventCountry "NET"]
[SourceTitle "playchess.com"]
[Source "ChessBase"]
[SourceQuality "1"]
[TimeControl "900+3"]

1. c4 c6 2. Nf3 d5 3. g3 Nf6 4. Bg2 g6 5. O-O Bg7 6. d4 O-O 7. Nc3 dxc4 8. e4 b5 9. Qe2 Bg4 10. e5 Nd5 11. a4 Nxc3 12. bxc3 Nd7 13. Qe4 Bxf3 14. Bxf3 Nb6 15. Qxc6 Nxa4 16. Qxb5 Nxc3 17. Qxc4 Rc8 18. Qb4 f6 19. Rxa7 fxe5 20. Bg4 Rc7 21. Rxc7 Qxc7 22. d5 h5 23. Be6+ Kh7 24. Bg5 Bf6 25. Bxf6 Rxf6 26. Re1 e4 27. Kg2 Qe5 28. Qxe7+ Kh6 29. Qc5 Kh7 30. Rc1 Rf3 31. Ra1 e3 32. fxe3 Rf1 1-0

[Event "AI Cup Div-3 2023"]
[Site "Online"]
[Date "2023.09.25"]
[Round "51.1"]
[White "Chigaev, Maksim"]
[Black "Kobo, Ori"]
[Result "1-0"]
[Annotator "ChessBase"]
[ECO "A08"]
[WhiteElo "2615"]
[BlackElo "2551"]
[PlyCount "61"]
[EventDate "2023.09.18"]
[EventType "k.o."]
[EventCountry "NET"]
[SourceTitle "playchess.com"]
[Source "ChessBase"]
[SourceQuality "1"]
[TimeControl "900+3"]

1. e4 e6 2. d3 d5 3. Nd2 c5 4. Ngf3 Bd6 5. g3 Nc6 6. Bg2 Nge7 7. O-O O-O 8. Re1 Qc7 9. c3 Bd7 10. Qe2 f6 11. h4 b5 12. h5 d4 13. h6 g6 14. e5 fxe5 15. Ne4 dxc3 16. bxc3 b4 17. cxb4 cxb4 18. Bb2 Nf5 19. Nxd6 Qxd6 20. Nxe5 Nfd4 21. Bxd4 Nxd4 22. Qb2 Rac8 23. Nc4 Rxc4 24. dxc4 e5 25. Bd5+ Kh8 26. f4 Qc5 27. Rxe5 Ne2+ 28. Kg2 Nc3 29. Qf2 Qxf2+ 30. Kxf2 a5 31. Re7 1-0

[Event "AI Cup Div-3 2023"]
[Site "Online"]
[Date "2023.09.25"]
[Round "51.1"]
[White "Demchenko, Anton"]
[Black "Maghsoodloo, Parham"]
[Result "1-0"]
[Annotator "TA"]
[ECO "B90"]
[WhiteElo "2608"]
[BlackElo "2707"]
[PlyCount "115"]
[EventDate "2023.09.18"]
[EventType "k.o."]
[EventCountry "NET"]
[SourceTitle "playchess.com"]
[Source "ChessBase"]
[SourceQuality "1"]
[TimeControl "900+3"]

1. e4 c5 2. Nf3 d6 3. d4 cxd4 4. Nxd4 Nf6 5. Nc3 Nc6 6. Be2 g6 7. O-O Bg7 8. Be3 O-O 9. a4 Bd7 10. Qd2 a6 11. f3 Rc8 12. Rfd1 {[%emt 0:00:03] B90: Sicilian Najdorf: Unusual White 6th moves, 6 Be3 Ng4 and 6 Be3 e5.} Ne5 13. a5 Nc4 14. Bxc4 {[%emt 0:00:01] White is slightly better.} Rxc4 15. b3 {[%emt 0:00:09] [#]} (15. Nde2 {simplifies} Rc8 16. Na4 Bxa4 17. Rxa4 Nd7 18. b3) 15... Rc5 $146 {[%emt 0:00:03] [#]} ({Predecessor:} 15... Rc8 16. Nde2 Be6 17. Na4 Nd7 18. Rac1 Qe8 19. Nd4 Ne5 20. Nb6 Rd8 21. c4 Nc6 {1-0 Lane,G (2379)-Fitzsimons,D (2167) GBR-ch 96th Torquay 2009 (10)}) 16. Ne6 fxe6 $15 17. Bxc5 dxc5 18. e5 {[%emt 0:00:01] [#]} Nd5 {[%emt 0:00:00][%mdl 8192] White leaves nothing to chance now.} 19. Nxd5 $18 Bxe5 {[%emt 0:00:01] [#]} 20. c3 $1 Bc6 {[%emt 0:03:07] [#]} 21. Nf6+ {[%emt 0:00:06][%mdl 576] Discovered Attack} Kf7 {[%emt 0:00:04] And now ...Qxd2 would win.} (21... exf6 22. Qxd8) 22. Qxd8 Rxd8 23. Rxd8 Bxc3 24. Rc1 Bxa5 {[%emt 0:00:01] A strong pair of Bishops.} 25. Rc8 (25. Nxh7 $6 Bxd8 26. Ng5+ (26. Rxc5 $2 Bb6 $19) 26... Kf6 27. Ne4+ Bxe4 28. fxe4 Bc7 $14) 25... exf6 {[%emt 0:00:02] [#]} 26. Rxc6 bxc6 {[%emt 0:00:01][%mdl 4096] Endgame KR-KB} 27. Ra1 $1 (27. Rxc5 $2 {is the wrong capture.} Bb6 28. Kf2 Bxc5+ $19) 27... Bc3 28. Rxa6 c4 $2 (28... h5 {was worth a try.} 29. h4 (29. Rxc6 g5 $16) 29... g5) 29. bxc4 c5 30. Ra7+ Kg8 31. f4 (31. g4 $18) 31... e5 $2 (31... Bd4+ $16 32. Kf1 h6) 32. fxe5 Bxe5 33. h3 $2 (33. Kf2 f5 34. h3) 33... h5 $2 (33... f5 34. Kf1 Kf8) 34. Kf2 Kf8 35. Ke2 f5 36. Kd3 Ke8 37. Kc2 {[%emt 0:00:05] Kb3 would be deadly.} Bd4 $2 (37... Bf6 38. Rc7 Be7) 38. Kb3 Kf8 39. Ka4 Ke8 40. Kb5 h4 41. Kc6 Kf8 42. Kd5 Kg8 43. Ke6 (43. Rc7 $142 g5 44. Ke6) 43... Bc3 44. Rc7 Bd4 45. Kd5 {[%emt 0:00:03] White threatens Rxc5 and mate.} Kf8 46. Rh7 (46. Rxc5 $142 Be3 47. Rc6) 46... Bf2 47. Rc7 (47. Ra7 $142 Bd4 48. Rc7) 47... Bd4 48. Kd6 (48. Rxc5 $142 Bg1 49. Rc6) 48... Bf2 49. Rxc5 {[%emt 0:00:14] Threatens to win with Rc8+.} Bxc5+ 50. Kxc5 {[%emt 0:00:00] K3P-K3P. White mates.} g5 51. Kd6 g4 {[%emt 0:00:05] [#]} 52. Ke5 $1 gxh3 53. gxh3 (53. Kxf5 {gets mated.} hxg2 54. c5 g1=Q 55. c6 h3 56. Kf4 h2 57. c7 Qc1+ 58. Kf5 h1=Q 59. c8=Q+ Qxc8+ 60. Kf6 Qh6+ 61. Ke5 Qc5+ 62. Ke4 Qhe3#) 53... Ke7 54. Kxf5 {[%emt 0:00:00] KPP-KP} Kd6 55. Kg4 Kc5 56. Kxh4 Kxc4 57. Kg5 Kd5 58. Kf6 {[%emt 0:00:05] An entertaining game by Demchenko.   Weighted Error Value: White=0.47/Black=0.63} 1-0

[Event "AI Cup Div-3 2023"]
[Site "Online"]
[Date "2023.09.25"]
[Round "51.1"]
[White "Kravtsiv, Martyn"]
[Black "Sargsyan, Shant"]
[Result "1-0"]
[Annotator "ChessBase"]
[ECO "B06"]
[WhiteElo "2598"]
[BlackElo "2631"]
[PlyCount "57"]
[EventDate "2023.09.18"]
[EventType "k.o."]
[EventCountry "NET"]
[SourceTitle "playchess.com"]
[Source "ChessBase"]
[SourceQuality "1"]
[TimeControl "900+3"]

1. e4 g6 2. d4 Bg7 3. Nc3 a6 4. f4 b5 5. Nf3 Bb7 6. Bd3 d6 7. a4 b4 8. Ne2 Nd7 9. O-O c5 10. c3 Ngf6 11. Ng3 bxc3 12. bxc3 cxd4 13. cxd4 O-O 14. f5 Rc8 15. Qe2 e5 16. fxe6 fxe6 17. Rb1 Bc6 18. Ba3 Nb6 19. Bxa6 Ra8 20. a5 Na4 21. Qc4 Qxa5 22. Bb7 Bxb7 23. Qxe6+ Kh8 24. Rxb7 Qc3 25. Bxd6 Qe3+ 26. Kh1 Rfe8 27. Qf7 Rg8 28. Ne5 Nc3 29. Qc7 1-0